 Dungeon Crawl Stone Soup version 0.20-a0-972-gb9bd3e6 (webtiles) character file.

112 MTVSty1e the Insei (level 4, -4/38 HPs)
             Began as a Bultungin Transmuter on Apr 9, 2017.
             Slain by an orc
             ... wielding a +0 flail
              (12 damage)
             ... on level 3 of the Dungeon.
             The game lasted 00:04:54 (2412 turns).

MTVSty1e the Insei (Bultungin Transmuter)           Turns: 2412, Time: 00:04:55

Health: -4/38      AC:  2    Str:  9    XL:     4   Next: 93%
Magic:  8/9        EV: 14    Int: 13    God:
Gold:   64         SH:  0    Dex: 15    Spells: 9/10 levels left

rFire    . . .     SeeInvis +   e - +1 dagger (venom)
rCold    . . .     Gourm    .   (no shield)
rNeg     + . .     Faith    .   b - +0 robe
rPois    .         Spirit   .   (no helmet)
rElec    .         Reflect  .   (no cloak)
rCorr    +         Harm     .   (no gloves)
MR       .....                  (no boots)
Stlth    +.........             (no amulet)
Regen    0.2/turn               f - ring of positive energy
MPRegen  0.2/turn               n - ring of resist corrosion

@: very slightly contaminated
A: short attention span, fangs 1, see invisible, strong nose
a: no special abilities


You were on level 3 of the Dungeon.
You were not hungry.

You visited 1 branch of the dungeon, and saw 3 of its levels.

You collected 64 gold pieces.

Inventory:

Hand Weapons
 e - a +1 dagger of venom (weapon)
Missiles
 a - 12 arrows
Armour
 b - a +0 robe (worn)
Jewellery
 f - a ring of positive energy (left hand)
 n - a ring of resist corrosion (right hand)
Scrolls
 i - a scroll of identify {unknown}
 j - 2 scrolls of teleportation {unknown}
 k - 2 scrolls of remove curse {unknown}
 o - a scroll of amnesia {unknown}
Potions
 g - a potion of magic {unknown}
 h - a potion of curing
 m - a potion of agility
Books
 c - a book of Changes

   Spells                             Type                      Level
   a - Beastly Appendage              Transmutation                1
   b - Sticks to Snakes               Transmutation                2
   c - Spider Form                    Transmutation/Poison         3
   d - Ice Form                       Ice/Transmutation            4
   e - Blade Hands                    Transmutation                5
 l - a book of Cantrips

   Spells                             Type                      Level
   a - Confusing Touch                Hexes                        1
   b - Animate Skeleton               Necromancy                   1
   c - Summon Small Mammal            Summoning                    1
   d - Apportation                    Translocation                1


   Skills:
 * Level 4.4 Fighting
 + Level 1.9 Short Blades
 + Level 3.8 Dodging
 - Level 4.6 Unarmed Combat
 + Level 3.9 Spellcasting
 + Level 3.9 Transmutations


You had 9 spell levels left.
You knew the following spells:

 Your Spells              Type           Power        Failure   Level  Hunger
a - Beastly Appendage     Tmut           ##....       6%          1    None


Dungeon Overview and Level Annotations

Branches:
Dungeon (3/15)

Altars:


Innate Abilities, Weirdness & Mutations

You have a short attention span.
You have very sharp teeth.
You have supernaturally acute eyesight. (SInv)
Your uncanny sense of smell can sniff out nearby items.


Message History

The orc hits you with a short sword of speed.
The orc hits you but does no damage.
You closely miss the orc.
The orc is moderately wounded.
The orc closely misses you. The orc hits you with a flail.
The orc hits you with a short sword of speed.
* * * LOW HITPOINT WARNING * * *
Unknown command.
Sorry, you're not good enough to have a special ability.
It was a potion of curing.
You feel better. The orc closely misses you. The orc barely misses you.
The orc hits you with a flail. The orc misses you.
Casting: Beastly Appendage
Confirm with . or Enter, or press ? or * to list all spells.
You miscast Beastly Appendage.
You are very lightly contaminated with residual magic.
Your skin glows momentarily.
The orc completely misses you. The orc misses you.
The orc hits you with a short sword of speed.
* * * LOW HITPOINT WARNING * * *
The orc hits you with a flail!
You die...

## #.# .. #.# #.
#?# #########
#.##.## #.......#
#.#...## #
#.#####.#
#......##.#.# #.#
#.# #...)o.......
#.#
###.#####...@o##
#.#
#..........oo...#
#.#
#.#.##..........#
#.#
#.#.##..###.###.#
#.# #.#<##..# #.#
.# #.###.#.###.#
#+# . #.......#
#.. # #####.###
#.## #.# #.#


You could see 4 orcs.

Vanquished Creatures
  An orc wizard (D:3)
  3 adders (D:2)
  An ooze (D:1)
  2 worms (D:2)
  A dart slug (D:2)
  A leopard gecko (D:2)
  An orc (D:3)
  3 giant cockroaches
  5 goblins
  5 hobgoblins (D:1)
  5 kobolds
  A ball python (D:1)
  5 bats
  5 frilled lizards
  4 rats (D:1)
43 creatures vanquished.

Notes
Turn   | Place    | Note
-------+----------+-------------------------------------------
     0 | D:1      | MTVSty1e the Bultungin Transmuter began the quest for the Orb.
     0 | D:1      | Reached XP level 1. HP: 15/15 MP: 4/4
   126 | D:1      | Reached XP level 2. HP: 14/22 MP: 6/6
  1078 | D:1      | Reached XP level 3. HP: 25/29 MP: 7/7
  1469 | D:2      | Reached skill level 1 in Short Blades
  1859 | D:2      | Reached XP level 4. HP: 33/37 MP: 9/9
  2412 | D:3      | Slain by an orc

Vault maps used:
D:1:      dpeg_arrival_renting
D:3:      lemuel_doored_altar, grunt_ministairs_5

Skill      XL: |  1  2  3  4 |
---------------+-------------+-----
Fighting       | 3 4 |  4.4
Short Blades   | 1 |  1.9
Dodging        | |  3.8
Unarmed Combat | |  4.6
Spellcasting   | |  3.9
Transmutations | |  3.9

Action                   |  1- 3 |  4- 6 || total
-------------------------+-------+-------++-------
Melee: Dagger            |   103 |    32 ||   135
       Unarmed           |    10 |       ||    10
       Bite              |     9 |     2 ||    11
       Punch             |     1 |       ||     1
  Use: Potion            |       |     1 ||     1
 Stab: Sleeping          |     1 |     1 ||     2
  Eat: Bread ration      |     1 |       ||     1
       Royal jelly       |     1 |       ||     1
Armor: Robe              |    11 |     6 ||    17
Dodge: Dodged            |    76 |    30 ||   106
